AoeStats
← tosho_naldjiev

Hideout

508381776Analyzed
1v1 RM · 9d ago on Sep 22, 2026· 55m 32s· 2 players
Game mode
Random Map
Map size
Tiny (2 player)
Population
200
Speed
Normal
Resources
Standard
Victory
Conquest
Starting age
Dark Age
Ending age
Imperial Age
RankedLock teamsTeams togetherTeam positionsShared explorationLock speedFull tech treeHidden civsTurbo modeCheats
Victory
Defeat
🇧🇬 Bulgarians · Bulgaria
779
+18
🇦🇷 Berbers · Argentina
816
-18
tosho_naldjiev
10:21 Feudal Age
18:18 Castle Age
17:02 Double-Bit Axe
17:21 Horse Collar
23:15 Wheelbarrow
32:10 Imperial Age
29:56 Hand Cart
29:36 Gold Mining
31:05 Bow Saw
31:08 Heavy Plow
32:12 Stirrups
33:12 Conscription
33:45 Squires
33:06 Pikeman
33:52 Pikeman
36:16 Pikeman
37:31 Forging
37:21 Scale Mail Armor
38:31 Crop Rotation
39:18 Halberdier
42:17 Iron Casting
50:55 Conscription
56:38 Chemistry
55:23 Elite Konnik
MKNT | Jpanda
6:08 Loom
6:17 Loom
9:19 Feudal Age
10:59 Double-Bit Axe
11:03 Horse Collar
17:37 Bloodlines
21:00 Castle Age
20:24 Scale Barding Armor
20:29 Forging
20:43 Forging
23:35 Gold Mining
27:47 Chain Barding Armor
28:03 Iron Casting
31:02 Imperial Age
29:11 Wheelbarrow
30:06 Husbandry
31:46 Cavalier
36:35 Heavy Scorpion
38:12 Stone Mining
38:59 Gold Shaft Mining
48:47 Elite Genitour
50:25 Padded Archer Armor
Connection lost

Rejoining the realm…

Still unreachable

The connection could not be restored.

Session expired

The server has moved on; the page needs a fresh start.